cohdb
Replays
Latest Replays
All Replays
Popular Replays
Top Player Replays
Match Explorer
How It Works
Community
CoH3 Stats
Reddit
Sign in to upload your games and track your stats! →
Sign in with Steam
Match 28064873
Unlisted
Match 28064873
Overview
Messages
Build Orders
End
Construct Infanterie Kompanie
Selects Breakthrough Battlegroup
Selects Assault Grenadiers
Grenadier Squad
Grenadier Squad
GrW 34 Mortar Team
MG 42 Bunker
Medical Station
Pioneer Squad
Construct Luftwaffe Kompanie
Selects Breakthrough
Selects Incendiary Bombing Run
Jäger Squad
Jäger Squad
GrW 34 Mortar Team
MG 42 Machine Gun Team
Incendiary Bombing Run
Construct Panzer Kompanie
Selects Rapid Production
Stoßtruppen Squad
Selects Blitzkrieg
Panzer IV Medium Tank
Stoßtruppen Squad
Panzer IV Medium Tank
Selects Panzer IV Command Tank Sd.Kfz. 161/1
Kuno
Rex Lupus
孔孔
vjqpyz
typocemgames
iAinEng
四川.刺客
Akaxiya
0
0
Comments
sign in to comment!
No comments posted yet!